 Dungeon Crawl Stone Soup version 0.20.1-1-g8b1a95d (webtiles) character file.

300 Jazqa the Skirmisher (level 6, 0/58 HPs)
             Began as a Minotaur Monk on Oct 31, 2017.
             Slain by a jackal (1 damage)
             ... on level 4 of the Dungeon.
             The game lasted 00:03:39 (2549 turns).

Jazqa the Skirmisher (Minotaur Monk)                Turns: 2549, Time: 00:03:40

Health: 0/58       AC:  4    Str: 16    XL:     6   Next: 13%
Magic:  4/4        EV: 13    Int:  7    God:
Gold:   196        SH:  0    Dex: 14    Spells: 5/5 levels left

rFire    . . .     SeeInvis +   a - +0 mace
rCold    . . .     Gourm    .   (no shield)
rNeg     . . .     Faith    .   b - +0 robe
rPois    .         Spirit   .   (helmet restricted)
rElec    .         Reflect  .   (no cloak)
rCorr    .         Harm     .   (no gloves)
MR       .....                  (no boots)
Stlth    ++........             (no amulet)
Regen    0.2/turn               L - ring of flight
MPRegen  0.1/turn               v - ring of see invisible

@: hasted, very quick
A: retaliatory headbutt, horns 2, molten scales 1, low mp 1
a: Evoke Flight


You were on level 4 of the Dungeon.
You were not hungry.

You visited 1 branch of the dungeon, and saw 4 of its levels.

You collected 196 gold pieces.


Innate Abilities, Weirdness & Mutations

You reflexively headbutt those who attack you in melee.
You have a pair of horns on your head.
You are partially covered in molten scales. (AC +2)
Your magical capacity is low. (-10% MP)


   Skills:
 + Level 6.4 Fighting
 + Level 6.4 Maces & Flails
 - Level 3.2 Dodging
 - Level 1.5 Stealth


You had 5 spell levels left.
You didn't know any spells.

Inventory:

Hand Weapons
 a - a +0 mace (weapon)
Armour
 b - a +0 robe (worn)
Jewellery
 v - a ring of see invisible (right hand)
 L - a ring of flight (left hand)
Scrolls
 d - a scroll of amnesia {unknown}
 f - a scroll of blinking
 m - a scroll of teleportation {unknown}
 n - a scroll of remove curse {@r2}
 s - a scroll of enchant armour {unknown}
Potions
 e - a potion of lignification {unknown}
 l - a potion of cancellation
 o - a potion of flight {unknown}
 p - a potion of heal wounds {unknown}
 q - a potion of berserk rage {unknown}
 r - a potion of haste {@q3}
 t - 2 potions of brilliance {unknown}
Comestibles
 c - 4 bread rations {@e1}
 g - 4 meat rations {@e1}
 h - 4 royal jellies {@e3}
 j - a chunk of flesh

Dungeon Overview and Level Annotations

Branches:
Dungeon (4/15)
 Temple: D:4-7

Altars:

###### .....#
.....########
.....oo.....#
###########.## #.)# ##o##
########§§################
......§§§§hh@.............
###...O##§§#######.######
#.... ##§# #.# #.... #..#
#.# #.... ##.# #.# #....
.######.########## .....
.................# ######
..#####.########.# ..# #.#
#.#


You could see 2 jackals.


Message History

The jackal barely misses you. The orc closely misses you.
Unknown command.
You hit the orc wizard.
You kill the orc wizard!
The jackal bites you but does no damage.
The jackal closely misses you. The jackal misses you.
The orc closely misses you.
Unknown command.
Unknown command.
You miss the jackal. You headbutt the jackal.
You kill the jackal!
The jackal closely misses you. The orc closely misses you.
You furiously retaliate!
You headbutt the orc!
You kill the orc!
The jackal barely misses you.
Unknown command.
The orc hits you but does no damage.
You see here a jackal corpse.
As you read the scroll of fog, it crumbles to dust.
The scroll dissolves into smoke.
The orc completely misses you.
The jackal bites you but does no damage.
The orc hits you from afar with a trident.
* * * LOW HITPOINT WARNING * * *
Items here: ))))) [[ It was a potion of mutation.
You feel extremely strange.
You feel less energetic.
Molten scales grow over part of your body.
The jackal bites you.
You die...

Skill      XL: |  1  2  3  4  5 |
---------------+----------------+-----
Maces & Flails | 4 5 6 |  6.4
Fighting       | 4 5 6 |  6.4
Dodging        | |  3.2
Stealth        | |  1.5

Action                   |  1- 3 |  4- 6 || total
-------------------------+-------+-------++-------
Melee: Mace              |    61 |    91 ||   152
       Headbutt          |     8 |    21 ||    29
  Use: Scroll            |     4 |     4 ||     8
       Potion            |       |     4 ||     4
 Stab: Sleeping          |     5 |     2 ||     7
  Eat: Chunk             |     1 |     4 ||     5
Armor: Robe              |     2 |    19 ||    21
Dodge: Dodged            |    58 |    76 ||   134

Vault maps used:
D:1:      lemuel_arrival_lava_pool, amethyst_killhole
D:2:      serial_glass, glass_columns_a, glass_columns_c, glass_columns_a,
          glass_columns_b, glass_columns_b, glass_columns_a,
          due_unseen_surprise, first_bread, nrook_mini_backslash
D:3:      kennysheep_generic_room_9
D:4:      nicolae_elemental_shop

Notes
Turn   | Place    | Note
-------+----------+-------------------------------------------
     0 | D:1      | Jazqa the Minotaur Monk began the quest for the Orb.
     0 | D:1      | Reached XP level 1. HP: 19/19 MP: 0/0
   207 | D:1      | Reached skill level 4 in Maces & Flails
   300 | D:1      | Reached XP level 2. HP: 27/27 MP: 1/1
   598 | D:2      | Reached skill level 4 in Fighting
   661 | D:2      | Reached XP level 3. HP: 28/33 MP: 2/2
   929 | D:2      | Reached skill level 5 in Maces & Flails
  1158 | D:3      | Reached XP level 4. HP: 37/41 MP: 3/3
  1275 | D:3      | Reached skill level 5 in Fighting
  2090 | D:4      | Reached XP level 5. HP: 40/48 MP: 4/4
  2215 | D:4      | Noticed an ogre
  2284 | D:4      | Reached skill level 6 in Fighting
  2284 | D:4      | Reached skill level 6 in Maces & Flails
  2521 | D:4      | Reached XP level 6. HP: 32/57 MP: 5/5
  2539 | D:4      | HP: 2/57 [orc/trident (6)]
  2546 | D:4      | HP: 1/58 [orc/trident (2)]
  2549 | D:4      | Gained mutation: Your magical capacity is low. (-10% MP) [potion of mutation]
  2549 | D:4      | Gained mutation: You are partially covered in molten scales. (AC +2) [potion of mutation]
  2549 | D:4      | Slain by a jackal

Vanquished Creatures
  A howler monkey (D:4)
  2 orc wizards (D:4)
  An iguana (D:4)
  A hound skeleton (D:4)
  9 adders
  2 oozes
  2 worms (D:2)
  A dart slug (D:3)
  2 leopard geckos (D:3)
  11 orcs
  2 ball pythons (D:1)
  7 bats
  A giant cockroach (D:2)
  6 goblins
  4 hobgoblins
  A jackal (D:4)
  4 kobolds
  A quokka (D:3)
  4 frilled lizards
  5 rats
67 creatures vanquished.
